 Dungeon Crawl Stone Soup version 0.30-a0-757-ga6a79fd877 (webtiles) character file.

Game seed: 16326603385072143041

1327 Newt the Skirmisher (level 8, -4/44 HPs)
             Began as a Kobold Hunter on Feb 9, 2023.
             Was a Follower of Hepliaklqana.
             Slain by an orc warrior
             ... wielding a +0 flail
              (6 damage)
             ... on level 8 of the Dungeon.
             The game lasted 00:05:29 (4940 turns).

Newt the Skirmisher (Kobold Hunter)                 Turns: 4940, Time: 00:05:30

Health: -4/44      AC: 17    Str:  8    XL:     8   Next: 91%
Magic:  13/13      EV:  5    Int: 11    God:    Hepliaklqana [*.....]
Gold:   239        SH:  0    Dex: 20    Spells: 11/14 levels left

rFire   . . .      SeeInvis .    a - +0 shortbow
rCold   . . .      Faith    .    (shield currently unavailable)
rNeg    + . .      Spirit   .    o - +5 shadow dragon scales of Panentheism {rN+ Stlth++++}
rPois   .          Reflect  .    (no helmet)
rElec   .          Harm     .    (no cloak)
rCorr   .          Rampage  .    f - +0 pair of gloves
Will    .....                    (no boots)
Stlth   ++++                     (no amulet)
HPRegen 0.27/turn                g - ring of wizardry
MPRegen 0.13/turn                (no ring)

@: no status effects
A: reduced essence, small, no large weapons, nightstalker 3
a: Renounce Religion, Recall Ancestor, Ancestor Identity


You were on level 8 of the Dungeon.
You worshipped Hepliaklqana.
Hepliaklqana was aware of your devotion.
You visited 1 branch of the dungeon, and saw 6 of its levels.

You collected 259 gold pieces.
You spent 20 gold pieces at shops.

Inventory:

Hand Weapons
 a - a +0 shortbow (weapon)
Armour
 c - a +0 leather armour
 f - a +0 pair of gloves (worn)
 o - the +5 shadow dragon scales of Panentheism (worn) {rN+ Stlth++++}
   (You acquired it on level 7 of the Dungeon)

   rN:        It protects you from negative energy.
   Stlth:     It makes you much more stealthy.
Jewellery
 g - a ring of wizardry (left hand)
Scrolls
 b - 2 scrolls of immolation
 d - 2 scrolls of fear
 h - 4 scrolls of teleportation
 p - a scroll of magic mapping
 q - a scroll of brand weapon {unknown}
Potions
 e - a potion of lignification
 i - a potion of might
 j - 3 potions of curing
 k - 2 potions of mutation {unknown}
 l - a potion of degeneration {unknown}
 m - a potion of flight {unknown}
 n - a potion of magic {unknown}


   Skills:
 - Level 5.0 Fighting
 - Level 10.0 Ranged Weapons
 - Level 2.4 Dodging
 - Level 1.3 Stealth
 + Level 3.6 Spellcasting
 + Level 3.6 Hexes
 + Level 3.6 Translocations


You had 11 spell levels left.
You knew the following spells:

 Your Spells              Type           Power      Damage    Failure   Level
a - Portal Projectile     Hex/Tloc       18%        N/A       100%        3

Your spell library contained the following spells:

 Spells                   Type           Power      Damage    Failure   Level
 Blink                    Tloc           18%        N/A       99%         2
 Lesser Beckoning         Tloc           18%        N/A       99%         2
 Foxfire                  Conj/Fire      4%         2x1d4     100%        1
 Magic Dart               Conj           4%         1d3       100%        1
 Ensorcelled Hibernation  Hex/Ice        10%        N/A       100%        2
 Momentum Strike          Conj/Tloc      10%        3d8       100%        2
 Passwall                 Tmut/Erth      0%         N/A       100%        2
 Searing Ray              Conj           2%         2d4       100%        2
 Swiftness                Air            1%         N/A       100%        3
 Tukima's Dance           Hex            9%         N/A       100%        3
 Fulminant Prism          Conj/Hex       2%         3d5       100%        4
 Blade Hands              Tmut           0%         N/A       100%        5
 Fireball                 Conj/Fire      0%         3d3       100%        5
 Starburst                Conj/Fire      0%         6d3       100%        6


Dungeon Overview and Level Annotations

Branches:
Dungeon (8/15)
 Temple: D:4-7         Lair: D:8-11

Altars:
Dithmenos
Elyvilon
Hepliaklqana
Qazlal

Shops:
D:1 ?!:*:


Innate Abilities, Weirdness & Mutations

Your life essence is reduced to manifest your ancestor. (-10% HP)
You are small and have problems with some larger weapons.
You are completely attuned to the shadows.


Message History

You are too injured to fight recklessly!
Fire: a) +0 shortbow
Press: ? - help, Shift-Dir - straight line, f/p - orc warrior
Aim: an orc warrior, wielding a +0 flail and wearing a +0 plate armour (heavily wounded, not watching you, 69% to hit)
You shoot an arrow. Teicuih avoids your attack.
The arrow hits the orc warrior!
The orc warrior is almost dead.
The orc hits Teicuih with a +0 flail.
The orc warrior hits Teicuih with a +0 flail!
Teicuih is destroyed!
Fire: a) +0 shortbow
Press: ? - help, Shift-Dir - straight line, f/p - orc warrior
Aim: an orc warrior, wielding a +0 flail and wearing a +0 plate armour (almost dead, 69% to hit)
You shoot an arrow.
The arrow hits the orc but does no damage.
The orc hits you with a +0 flail.
* * * LOW HITPOINT WARNING * * *
Fire: a) +0 shortbow
Press: ? - help, Shift-Dir - straight line, f/p - orc warrior
Aim: an orc warrior, wielding a +0 flail and wearing a +0 plate armour (almost dead, 69% to hit)
You shoot an arrow.
The arrow hits the orc warrior but does no damage.
The orc warrior is almost dead.
The orc warrior hits you but does no damage. x2
Fire: a) +0 shortbow
Press: ? - help, Shift-Dir - straight line, f/p - orc warrior
Aim: an orc warrior, wielding a +0 flail and wearing a +0 plate armour (almost dead, 69% to hit)
You shoot an arrow.
The arrow hits the orc warrior but does no damage.
The orc warrior is almost dead.
The orc warrior hits you with a +0 flail!
* * * LOW HITPOINT WARNING * * *
Fire: a) +0 shortbow
Press: ? - help, Shift-Dir - straight line, f/p - orc warrior
Aim: an orc warrior, wielding a +0 flail and wearing a +0 plate armour (almost dead, 69% to hit)
You shoot an arrow.
The arrow hits the orc warrior but does no damage.
The orc warrior is almost dead.
The orc warrior hits you but does no damage.
The orc warrior hits you with a +0 flail.
You die...

#..##......
##..........
......##....
##...###..#.
....
##..##..###
#...
#......###
#..
#.......#.
###'####
##........
...oo@.#
##.....##
.#####.#
##.####
#)#########.#
#)..........#
#.###########
#.# ..# ####


You could see an orc warrior and an orc.

Vanquished Creatures
  A hornet (D:7)
  An orc warrior (D:7)
  An ogre (D:3)
  Blork the orc (D:4)
  3 bullfrogs
  A necrophage (D:7)
  A scorpion (D:7)
  2 howler monkeys (D:7)
  2 orc priests
  An iguana (D:4)
  2 orc wizards
  6 gnolls
  2 adders
  A white imp (D:7)
  3 worms
  2 dart slugs
  10 orcs
  2 bats
  9 endoplasms
  3 giant cockroaches (D:1)
  5 goblins
  7 hobgoblins
  3 jackals (D:1)
  4 quokkas
  4 ball pythons
  12 frilled lizards
  2 kobolds
  4 rats
95 creatures vanquished.

Vanquished Creatures (collateral kills)
  A sky beast (D:7)
  A gnoll sergeant (D:7)
  2 gnolls (D:7)
  An orc (D:8)
5 creatures vanquished.

Vanquished Creatures (others)
  An ancestor (D:8)
  6 plants (D:1)
7 creatures vanquished.

Grand Total: 107 creatures vanquished

Notes
Turn   | Place    | Note
-------+----------+-------------------------------------------
     0 | D:1      | Newt the Kobold Hunter began the quest for the Orb.
     0 | D:1      | Reached XP level 1. HP: 12/12 MP: 1/1
    89 | D:1      | Found Ibyoch's Distillery.
   105 | D:1      | Found Xaluwnu's Book Boutique.
   114 | D:1      | Reached XP level 2. HP: 17/17 MP: 2/2
   132 | D:1      | Found Juytyg's General Store.
   137 | D:1      | Bought a scroll of identify for 20 gold pieces
   193 | D:1      | Found Cysuc's Magic Scroll Emporium.
   351 | D:1      | Reached skill level 6 in Ranged Weapons
   464 | D:1      | Found a faded altar of an unknown god.
   523 | D:1      | Found Beymomo Teat's Book Shop.
   543 | D:1      | Reached XP level 3. HP: 21/21 MP: 3/3
  1118 | D:2      | Reached skill level 7 in Ranged Weapons
  1185 | D:2      | Reached XP level 4. HP: 26/26 MP: 4/4
  1603 | D:2      | Reached XP level 5. HP: 30/30 MP: 5/5
  1845 | D:3      | Found a white marble altar of Elyvilon.
  1873 | D:3      | Noticed an ogre
  1878 | D:3      | Killed an ogre
  1879 | D:3      | Reached skill level 8 in Ranged Weapons
  1901 | D:3      | Reached XP level 6. HP: 35/35 MP: 6/6
  2081 | D:3      | Reached skill level 9 in Ranged Weapons
  2203 | D:3      | Found a hazy altar of Hepliaklqana.
  2215 | D:3      | Became a worshipper of Hepliaklqana the Forgotten
  2777 | D:4      | Noticed Blork the orc
  2796 | D:4      | Killed Blork the orc
  3216 | D:4      | Reached skill level 10 in Ranged Weapons
  3680 | D:4      | You fall into a shaft and drop 3 floors!
  3707 | D:7      | Found a stormy altar of Qazlal.
  3736 | D:7      | Noticed an orc warrior
  3761 | D:7      | Killed an orc warrior
  3762 | D:7      | Reached XP level 7. HP: 25/42 MP: 7/7
  3926 | D:7      | Reached skill level 5 in Fighting
  3934 | D:7      | Learned a level 3 spell: Portal Projectile
  3943 | D:7      | Reached * piety under Hepliaklqana
  3968 | D:7      | Reached skill level 1 in Spellcasting
  3968 | D:7      | Reached skill level 1 in Hexes
  3968 | D:7      | Reached skill level 1 in Translocations
  4018 | D:7      | Reached XP level 8. HP: 43/44 MP: 8/10
  4242 | D:7      | Noticed a hornet
  4248 | D:7      | Killed a hornet
  4656 | D:7      | Identified a scroll of acquirement
  4656 | D:7      | Acquired the +5 shadow dragon scales of Panentheism {rN+
                  | Stlth++++}
  4813 | D:8      | Found a shadowy altar of Dithmenos.
  4939 | D:8      | HP: 2/44 [orc warrior/+0 flail (11)]
  4940 | D:8      | Slain by an orc warrior

Illustrated notes

Levels and vault maps discovered:
D:1:      tekkud_arrival_beachfront_property, layout_loops_ring,
          hellmonk_ecumenical_altar_dog_temple, serial_shops, shop_fountains,
          nicolae_diamond_shop, shop_statue, shop, nicolae_shop_stone,
          chequers_serial_rivers_large_a, minmay_lizard_king
D:2:      layout_loops_ring, minmay_misc_feat_columns
D:3:      minmay_general_purpose_star, layout_basic,
          mainiacjoe_overflow_small_starburst, mainiacjoe_overflow_boulevard,
          minmay_misc_feat_encased
D:4:      layout_basic, uniq_robin, uniq_blork_the_orc
D:7:      nicolae_BIG_FREAKIN_CUBE, layout_loops_cross,
          nicolae_qazlal_general_emergency, hex_tiny
D:8:      layout_loops_corners, nicolae_dithmenos_shadow_blocks,
          grunt_temple_overflow_lords_of_destruction, uniq_grum

Skill      XL: |  1  2  3  4  5  6  7  8 |
---------------+-------------------------+-----
Ranged Weapons | 6 7 8 10 | 10.0
Fighting       | 3 5 |  5.0
Spellcasting   | 1 3 |  3.6
Hexes          | 1 3 |  3.6
Translocations | 1 3 |  3.6
Dodging        | |  2.4
Stealth        | |  1.3

Action                     |  1- 3 |  4- 6 |  7- 9 || total
---------------------------+-------+-------+-------++-------
  Melee: Shortbow          |       |       |     2 ||     2
   Fire: Shortbow          |   109 |   134 |    92 ||   335
   Cast: Portal Projectile |       |       |     1 ||     1
    Use: Scroll            |     5 |     7 |     1 ||    13
         Potion            |       |     6 |       ||     6
 Armour: Leather armour    |    26 |     8 |     5 ||    39
         Skin              |       |     2 |       ||     2
         Shadow dragon sca |       |       |    29 ||    29
  Dodge: Dodged            |    74 |    33 |    22 ||   129

Table legend: (Time is in decaauts)
 A = Elapsed time spent in this place.
 B = Non-inter-level travel time spent in this place.
 C = Inter-level travel time spent in this place.
 D = Time resting spent in this place.
 E = Time spent auto-exploring this place.
 F = Levels seen in this place.
 G = Mean time per level.
                   A        B        C        D        E       F      G
               +--------+--------+--------+--------+--------+-----+--------+
         Total |   4988 |   4875 |    113 |    812 |   3420 |   6 |  831.3 |
       Dungeon |   4988 |   4875 |    113 |    812 |   3420 |   6 |  831.3 |
               +--------+--------+--------+--------+--------+-----+--------+

Top non-repeatable levels by time:
     D:7: 1104 daAuts
     D:4: 977 daAuts
     D:3: 955 daAuts
     D:1: 940 daAuts
     D:2: 844 daAuts
     D:8: 166 daAuts
